 Dungeon Crawl Stone Soup version 0.20-a0-277-g7db01f4 (webtiles) character file.

16898 FitzyFitz the Fighter (level 12, 0/82 HPs)
             Began as a Tengu Monk on Dec 12, 2016.
             Was an Elder of Yredelemnul.
             Slain by a tyrant leech (26 damage)
             ... on level 2 of the Lair of Beasts.
             The game lasted 00:37:51 (15009 turns).

FitzyFitz the Fighter (Tengu Monk)                 Turns: 15009, Time: 00:37:51

Health: 0/82       AC: 10    Str: 23    XL:     12   Next: 42%
Magic:  16/16      EV: 13    Int: 13    God:    Yredelemnul [****..]
Gold:   753        SH:  0    Dex: 16    Spells: 11/11 levels left

rFire  . . .     SeeInvis .     a - +1 trident
rCold  . . .     Gourm    .     S - +3 leather armour of Precision Catastrophes {Str+3 Stlth+}
rNeg   . . .     Faith    .     (no shield)
rPois  .         Spirit   .     (helmet restricted)
rElec  .         Reflect  .     p - +1 cloak {MR+}
rCorr  .         Harm     .     (no gloves)
MR     +....                    (boots unavailable)
Stlth  +++.......               m - amulet of rage
                                v - +5 ring of strength
                                x - +1 ring of protection

@: exhausted, slowed, very slow
A: beak, talons 3, able to fly 1
a: Fly, Recall Undead Slaves, Injury Mirror, Animate Dead, Drain Life, Renounce
Religion, Evoke Berserk Rage


You were on level 2 of the Lair of Beasts.
You worshipped Yredelemnul.
Yredelemnul was greatly pleased with you.
You were very hungry.

You visited 3 branches of the dungeon, and saw 12 of its levels.

You collected 753 gold pieces.

Inventory:

Hand Weapons
 a - a +1 trident (weapon)
 b - a +3 dagger of electrocution
 J - a +2 antimagic spear
 L - a +1 spear of freezing
Missiles
 n - 5 tomahawks (quivered)
Armour
 d - the +1 robe of Wariness {rF+ rC+}
   (You found it on level 8 of the Dungeon)

   It protects you from fire.
   It protects you from cold.
 f - a +0 buckler
 h - the +2 leather armour of Dishonesty {+Fly rCorr Str+3}
   (You found it on level 8 of the Dungeon)

   It affects your strength (+3).
   It lets you fly.
   It protects you from acid and corrosion.
 p - a +1 cloak of magic resistance (worn)
 y - a +1 robe of cold resistance
 S - the +3 leather armour of Precision Catastrophes (worn) {Str+3 Stlth+}
   (You found it on level 7 of the Dungeon)

   It affects your strength (+3).
   It makes you more stealthy.
Jewellery
 m - an amulet of rage (around neck)
 v - a +5 ring of strength (right hand)
 x - a +1 ring of protection (left hand)
 T - an uncursed ring of protection from cold
Wands
 A - a wand of lightning (8/15)
 I - a wand of digging (17/24)
 O - a wand of paralysis (4/24)
 P - a wand of heal wounds (2/9)
Scrolls
 e - 3 scrolls of teleportation
 i - 2 scrolls of recharging
 j - a scroll of fear
 k - 3 scrolls of remove curse
 l - 2 scrolls of enchant weapon
 r - 5 scrolls of amnesia
 s - a scroll of torment {unknown}
 t - a scroll of noise {unknown}
 w - 2 scrolls of enchant armour
 z - 2 scrolls of immolation
 F - 2 scrolls of random uselessness {unknown}
 G - a scroll of fog
 K - 2 scrolls of magic mapping
 N - a scroll of blinking {unknown}
 R - a scroll of silence {unknown}
Potions
 g - a potion of brilliance
 q - a potion of curing
 u - 3 potions of flight
 E - a potion of agility
 H - 2 potions of berserk rage
 Q - a potion of lignification
Books
 C - a book of Frost

   Spells                             Type                      Level
   a - Freeze                         Ice                          1
   b - Throw Frost                    Conjuration/Ice              2
   c - Ozocubu's Armour               Charms/Ice                   3
   d - Throw Icicle                   Conjuration/Ice              4
   e - Summon Ice Beast               Ice/Summoning                4
 M - a book of Cantrips

   Spells                             Type                      Level
   a - Confusing Touch                Hexes                        1
   b - Animate Skeleton               Necromancy                   1
   c - Summon Small Mammal            Summoning                    1
   d - Apportation                    Translocation                1
Comestibles
 c - 10 bread rations
 o - 12 fruits
 B - 2 beef jerkies
 D - a chunk of flesh


   Skills:
 - Level 12.9 Fighting
   Level 3.2 Maces & Flails
 + Level 11.9 Polearms
 - Level 9.2 Armour
 - Level 3.2 Dodging
 - Level 2.0 Stealth
 - Level 3.1 Invocations
 + Level 4.2 Evocations


You had 11 spell levels left.
You didn't know any spells.

Dungeon Overview and Level Annotations

Branches:
Dungeon (9/15)             Temple (1/1) D:6            Lair (2/6) D:9
  Swamp (0/4) Lair:2       Spider (0/4) Lair:2
    Orc: D:9-12

Altars:
Ashenzari
Cheibriados
Dithmenos
Fedhas
Gozag
Hepliaklqana
Makhleb
Nemelex Xobeh
Okawaru
Qazlal
Ru
Sif Muna
Trog
Vehumet
Xom
Yredelemnul
Zin


Innate Abilities, Weirdness & Mutations

You have a beak for a mouth.
You have claws for feet.
You can fly.


Message History

Your hippogriff zombie bites the tyrant leech.
Your hippogriff zombie barely misses the tyrant leech.
Your hippogriff zombie claws the tyrant leech.
Your porcupine zombie bites the tyrant leech.
Your porcupine zombie closely misses the tyrant leech.
The tyrant leech bites you!
* * * LOW HITPOINT WARNING * * *
The tyrant leech draws strength from your injuries!
Evoke which item? (* to show all) (? for menu, Esc to quit)
Zapping:
P - a wand of heal wounds (3/9)
Press: ? - help, Shift-Dir - straight line, f - you, p - tyrant leech You feel much better.
This wand has 2 charges left.
Your porcupine zombie bites the tyrant leech.
Your hippogriff zombie barely misses the tyrant leech.
Your hippogriff zombie pecks the tyrant leech but does no damage.
Your hippogriff zombie claws the tyrant leech.
Your porcupine zombie closely misses the tyrant leech.
The tyrant leech bites you!!
You die...
Your body rises from the dead as a mindless zombie.

##......##...............
#....<######............. #
##....# #....##........
#.#####...## ##...#####.....
######.#P#.....# ##....### ......
..............P###P....#.#.......
.................#...............
...............Z†.†....###.......
##............Zw@.......#
#P....P..###...........##
#.....##.# #...#..#...##
#....###. #P..#..##...# ......#
##.........## .......#
#...#..P...## .......#
##..#...#..#.#
.....................Z##
........P.....##..#...#


You could see a tyrant leech, a friendly porcupine zombie and a friendly
hippogriff zombie.

Vanquished Creatures
  Maurice (D:8)
  3 spiny frogs (Lair:2)
  A black mamba (Lair:2)
  A komodo dragon (D:9)
  4 jumping spiders (Lair:2)
  4 blink frogs (Lair:2)
  A two-headed ogre (D:9)
  3 hippogriffs
  A spriggan (D:7)
  3 redbacks (Lair:2)
  A wyvern (D:8)
  9 yaks
  A hungry ghost (D:6)
  A porcupine (Lair:2)
  A water moccasin (Lair:2)
  2 sky beasts (D:8)
  An orc warrior (D:6)
  A slave (D:8)
  An ogre (D:4)
  A phantom (D:9)
  2 necrophages
  2 centaurs
  A crocodile (D:8)
  7 bullfrogs
  A gnoll sergeant (D:6)
  A scorpion (D:8)
  2 howler monkeys (D:8)
  4 crimson imps
  2 bullfrog zombies
  A centaur zombie (D:8)
  4 hounds
  A jelly (D:6)
  2 bullfrog skeletons
  3 orc priests
  6 orc wizards
  Natasha (thrice) (D:2)
  8 worker ants
  2 hound zombies (D:7)
  A hound skeleton (D:9)
  A worker ant zombie (D:7)
  5 gnolls
  7 adders
  3 shadow imps
  2 oozes
  2 adder skeletons
  4 worms
  The ghost of WumbusTheBoofy the Sneak, a weakling OpAs (D:3)
  3 dart slugs
  3 leopard geckos
  22 orcs
  8 bats
  10 goblins
  12 hobgoblins
  9 jackals
  4 kobolds
  6 quokkas
  2 ball pythons
  4 frilled lizards
  A leopard gecko skeleton (D:5)
  A leopard gecko zombie (D:5)
  9 rats
  A fungus (D:7)
214 creatures vanquished.

Vanquished Creatures (collateral kills)
  Pikel (D:8)
  The ghost of jlc4533 the Cudgeler, a novice DsGl (D:6)
  A black mamba (Lair:1)
  Prince Ribbit (D:8)
  A blink frog (Lair:2)
  A yak (D:6)
  A basilisk (Lair:1)
  3 water moccasins
  3 slaves (D:8)
  2 ice beasts
  2 bullfrogs
  A howler monkey (D:8)
  A quasit (D:8)
  2 orcs (D:8)
  A giant cockroach (D:6)
  2 jackals (D:6)
  A quokka skeleton (D:8)
  A fungus (D:7)
  A plant (D:9)
27 creatures vanquished.

Vanquished Creatures (others)
  A redback zombie (Lair:2)
  2 jumping spider zombies (Lair:2)
  2 hippogriff zombies
  A wyvern zombie (D:8)
  A wight (Lair:2)
  4 bullfrog zombies
  A human zombie (D:8)
  A scorpion zombie (D:8)
  An adder zombie (D:6)
  A gnoll zombie (D:6)
  A jackal zombie (D:6)
  2 fungi (Lair:2)
  2 plants
20 creatures vanquished.

Grand Total: 261 creatures vanquished

Notes
Turn   | Place    | Note
-------+----------+-------------------------------------------
     0 | D:1      | FitzyFitz the Tengu Monk began the quest for the Orb.
     0 | D:1      | Reached XP level 1. HP: 14/14 MP: 2/2
    87 | D:1      | Reached XP level 2. HP: 19/19 MP: 3/3
   398 | D:1      | Reached skill level 4 in Fighting
   509 | D:1      | Reached XP level 3. HP: 19/24 MP: 4/4
  1132 | D:2      | Found a stormy altar of Qazlal.
  1267 | D:2      | Found a deep blue altar of Sif Muna.
  1533 | D:2      | Noticed Natasha
  1559 | D:2      | Killed Natasha
  1559 | D:2      | Reached skill level 1 in Armour
  1559 | D:2      | Reached XP level 4. HP: 25/30 MP: 5/5
  1583 | D:2      | Noticed Natasha
  1596 | D:2      | Killed Natasha
  1785 | D:2      | Reached skill level 5 in Fighting
  1798 | D:2      | Noticed Natasha
  1812 | D:2      | Killed Natasha
  1812 | D:2      | Gained mutation: You can fly. [Tengu growth]
  1812 | D:2      | Reached XP level 5. HP: 23/35 MP: 6/6
  2132 | D:2      | Found a burning altar of Makhleb.
  2452 | D:3      | Noticed WumbusTheBoofy's ghost (weakling OpAs)
  2490 | D:3      | Killed WumbusTheBoofy's ghost
  2536 | D:3      | Found a blossoming altar of Fedhas.
  2786 | D:3      | Reached XP level 6. HP: 39/40 MP: 7/7
  3193 | D:4      | HP: 2/41 [ogre/giant club (23)]
  3498 | D:4      | Reached skill level 6 in Fighting
  3671 | D:4      | You fall through a shaft for 3 floors!
  3744 | D:6      | Found a sparkling altar of Nemelex Xobeh.
  3772 | D:6      | Noticed jlc4533's ghost (novice DsGl)
  3772 | D:6      | Reached XP level 7. HP: 29/46 MP: 8/8
  3847 | D:5      | Entered Level 5 of the Dungeon
  4061 | D:5      | Found a glowing silver altar of Zin.
  4124 | D:4      | Reached skill level 5 in Armour
  4549 | D:4      | Found a shadowy altar of Dithmenos.
  5196 | D:5      | Found a shattered altar of Ashenzari.
  5200 | D:5      | Noticed a yak
  5203 | D:5      | Noticed a yak
  5214 | D:5      | Noticed a yak
  5214 | D:5      | Noticed a yak
  5239 | D:5      | Killed a yak
  5239 | D:5      | Reached skill level 7 in Fighting
  5589 | D:5      | Reached XP level 8. HP: 48/53 MP: 9/9
  5766 | D:6      | Found a staircase to the Ecumenical Temple.
  5774 | Temple   | Entered the Ecumenical Temple
  5833 | Temple   | Became a worshipper of Yredelemnul the Dark
  5833 | Temple   | Reached * piety under Yredelemnul
  5833 | Temple   | Reached ** piety under Yredelemnul
  5910 | D:6      | Found a sparkling altar of Nemelex Xobeh.
  6817 | D:6      | Found a shimmering altar of Xom.
  6824 | D:6      | Noticed a hippogriff
  6830 | D:6      | Found a glowing silver altar of Zin.
  6830 | D:6      | Found a stormy altar of Qazlal.
  6846 | D:6      | Killed a hippogriff
  6846 | D:6      | Reached skill level 8 in Fighting
  6851 | D:6      | Found a bloodstained altar of Trog.
  6851 | D:6      | Found a bloodstained altar of Trog.
  6851 | D:6      | Found a shimmering altar of Xom.
  7230 | D:6      | Killed jlc4533's ghost
  7814 | D:6      | Killed a yak
  7814 | D:6      | Reached XP level 9. HP: 47/59 MP: 10/10
  7887 | D:6      | Reached skill level 9 in Fighting
  8995 | D:7      | Got a spiked leather armour
  9030 | D:6      | Identified the +3 leather armour of Precision Catastrophes {Str+3 Stlth+} (You found it on level 7 of the Dungeon)
  9754 | D:7      | Found an iron altar of Okawaru.
  9778 | D:7      | Reached *** piety under Yredelemnul
  9792 | D:7      | Found a sacrificial altar of Ru.
 10268 | D:8      | Reached skill level 1 in Invocations
 10268 | D:8      | Reached skill level 1 in Evocations
 10392 | D:8      | Got an opalescent robe
 10402 | D:8      | Got a warped leather armour
 10413 | D:8      | Identified the +2 leather armour of Dishonesty {+Fly rCorr Str+3} (You found it on level 8 of the Dungeon)
 10448 | D:8      | Identified the +1 robe of Wariness {rF+ rC+} (You found it on level 8 of the Dungeon)
 10471 | D:8      | Noticed Prince Ribbit
 10479 | D:8      | Killed Prince Ribbit
 10526 | D:8      | Reached XP level 10. HP: 48/66 MP: 12/12
 10755 | D:8      | Reached skill level 5 in Polearms
 10756 | D:8      | Noticed Pikel
 10782 | D:8      | Killed Pikel
 11372 | D:8      | Noticed Maurice
 11438 | D:8      | Killed Maurice
 11696 | D:8      | Found a hazy altar of Hepliaklqana.
 11775 | D:8      | Your ally Prince Ribbit died
 12041 | D:9      | Found a staircase to the Lair.
 12271 | D:9      | Received a gift from Yredelemnul (a wight)
 12435 | Lair:1   | Entered Level 1 of the Lair of Beasts
 12783 | Lair:1   | Noticed a black mamba
 12787 | Lair:1   | Killed a black mamba
 12787 | Lair:1   | Reached skill level 10 in Polearms
 12787 | Lair:1   | Reached XP level 11. HP: 63/71 MP: 14/14
 13207 | Lair:1   | Reached skill level 12 in Fighting
 13207 | Lair:1   | Reached XP level 12. HP: 81/81 MP: 15/15
 13230 | Lair:2   | Reached **** piety under Yredelemnul
 14231 | Lair:2   | Found a hole to the Spider Nest.
 14262 | Lair:2   | Found a staircase to the Swamp.
 14948 | Lair:2   | Noticed an eight-headed hydra
 15008 | Lair:2   | HP: 4/82 [tyrant leech (17)]
 15009 | Lair:2   | Slain by a tyrant leech

Vault maps used:
D:1:      minmay_arrival_open_corners
D:2:      nicolae_overflow_hidden_temple, makhleb_blood_cavern_becter,
          nicolae_qazlal_general_emergency, uniq_natasha
D:3:      nicolae_overflow_crystal_walls
D:4:      marbit_many_paths, first_bread
D:5:      evilmike_ruin_ashenzari, basic_altar
D:6:      nemelex_xobeh_ov_fountains_minmay, doesnt_xom_only_xom,
          nemelex_spade_bored_becter
D:7:      nicolae_ru_the_path_less_chosen, okawaru_altar_gauntlet_db, the_bakery
D:8:      lemuel_round_altar, corexii_hall_statues_s, uniq_maurice, uniq_pikel,
          uniq_prince_ribbit1
D:9:      david_lair_shrubbed
Temple:   bh_familiar_temple
Lair:2:   minmay_swamp_entry_worms, nicolae_spider_entry_tight_spaces,
          lemuel_fruit_tree

Skill      XL: |  1  2  3  4  5  6  7  8  9 10 11 12 |
---------------+-------------------------------------+-----
Fighting       | 4 5 6 7 8 9 12 | 12.9
Armour         | 1 2 3 4 6 8 9 |  9.2
Polearms       | 4 10 11 | 11.9
Invocations    | 1 3 |  3.1
Evocations     | 1 3 4 |  4.2
Maces & Flails | |  3.2
Dodging        | |  3.2
Stealth        | |  2.0

Action                   |  1- 3 |  4- 6 |  7- 9 | 10-12 || total
-------------------------+-------+-------+-------+-------++-------
Melee: Mace              |    87 |   182 |   404 |       ||   673
       Kick              |    18 |    46 |   173 |   122 ||   359
       Peck              |     5 |    29 |   107 |    75 ||   216
       Trident           |       |       |    91 |   317 ||   408
Throw: Stone             |     3 |       |       |       ||     3
       Tomahawk          |       |       |       |     3 ||     3
Invok: Animate Remains   |       |       |    10 |       ||    10
       Animate Dead      |       |       |     2 |    12 ||    14
       Recall Undead Sla |       |       |     1 |       ||     1
 Abil: Evoke Berserk Rag |       |       |     1 |     5 ||     6
Evoke: Wand              |       |       |       |     1 ||     1
  Use: Potion            |     1 |     3 |     8 |     3 ||    15
       Scroll            |       |     4 |     7 |     9 ||    20
 Stab: Sleeping          |     2 |     2 |     1 |     7 ||    12
       Distracted        |       |       |     2 |     5 ||     7
  Eat: Chunk             |     1 |     8 |    15 |     5 ||    29
       Meat ration       |       |       |     3 |     1 ||     4
       Pizza             |       |       |     1 |     1 ||     2
       Fruit             |       |       |       |     1 ||     1
       Bread ration      |       |       |       |     2 ||     2
Armor: Robe              |     8 |       |       |       ||     8
       Skin              |    41 |    16 |    19 |       ||    76
       Ring mail         |     8 |    60 |    66 |       ||   134
       Scale mail        |       |       |    97 |       ||    97
       Leather armour    |       |       |    24 |    66 ||    90
Dodge: Dodged            |    40 |   123 |   306 |   126 ||   595
